 Dungeon Crawl Stone Soup version 0.22.1-1-ga44c0e56f4 (webtiles) character file.

36307 Gargoyl the Cleaver (level 13, -5/111 HPs)
             Began as a Centaur Abyssal Knight on Oct 24, 2018.
             Was a High Priest of Lugonu.
             Slain by a sixfirhy (10 damage)
             ... on level 1 of the Abyss.
             The game lasted 00:35:15 (21774 turns).

Gargoyl the Cleaver (Centaur Abyssal Knight)       Turns: 21774, Time: 00:35:16

Health: -5/111     AC: 19    Str: 17    XL:     13   Next: 52%
Magic:  0/21       EV:  7    Int: 13    God:    Lugonu [*****.]
Gold:   650        SH:  3    Dex: 16    Spells: 12/12 levels left

rFire    . . .     SeeInvis .   k - +3 war axe of Gargoyl's Death {drain, rN+ Int+2}
rCold    . . .     Gourm    .   D - +0 buckler
rNeg     + + .     Faith    .   K - +1 scale mail "Rinkurgh" {rN+} (curse)
rPois    .         Spirit   +   z - +2 hat
rElec    .         Reflect  .   m - scarf {Spirit}
rCorr    +         Harm     .   d - +2 pair of gloves
MR       .....                  l - +1 centaur barding
Stlth    ..........             F - amulet of rage
HPRegen  0.28/turn              (no ring)
MPRegen  0.17/turn              b - ring of resist corrosion

@: very heavily drained, very quick
A: large, antennae 1, hooves 3, repulsion field 1, thin skeletal structure 1,
agile 1, deformed body, speed 2, tough skin 3, wild magic 1
a: Depart the Abyss, Bend Space, Banish, Corrupt, Enter the Abyss, Renounce
Religion, Evoke Berserk Rage


You were on level 1 of the Abyss.
You worshipped Lugonu.
Lugonu was extremely pleased with you.
You were not hungry.

You visited 2 branches of the dungeon, and saw 15 of its levels.
You visited the Abyss 2 times.
You also visited: Ice Cave.

You collected 947 gold pieces.
You spent 297 gold pieces at shops.

Inventory:

Hand Weapons
 a - a +2 hand axe
 k - the +3 war axe of Gargoyl's Death (weapon) {drain, rN+ Int+2}
   (You found it on level 8 of the Dungeon)

   A truly terrible weapon, it drains the life of those it strikes.
   It affects your intelligence (+2).
   It protects you from negative energy.
 N - a +3 war axe
Missiles
 t - 15 tomahawks
 L - 3 poisoned javelins (quivered)
Armour
 d - a +2 pair of gloves (worn)
 h - a scarf of cloud immunity
 l - a +1 centaur barding (worn)
 m - a scarf of spirit shield (worn)
 z - a +2 hat (worn)
 D - a +0 buckler (worn)
 K - the cursed +1 scale mail "Rinkurgh" (worn) {rN+}
   (You found it on level 11 of the Dungeon)

   It protects you from negative energy.
   It has a curse placed upon it.
Jewellery
 b - a ring of resist corrosion (right hand)
 F - an amulet of rage (around neck)
Wands
 i - a wand of polymorph (36)
 w - a wand of disintegration (15)
 A - a wand of paralysis (20)
 I - a wand of random effects (56)
 M - a wand of digging (25)
Scrolls
 f - 7 scrolls of fog
 j - 8 scrolls of teleportation
 n - a scroll of identify
 q - a scroll of summoning
 u - 3 scrolls of blinking
 x - 5 scrolls of fear
 y - 4 scrolls of immolation
 E - 5 scrolls of amnesia
 G - 5 scrolls of remove curse
 O - a scroll of magic mapping
Potions
 e - 2 potions of heal wounds
 g - a potion of magic
 o - 4 potions of flight
 p - 3 potions of haste
 r - 2 potions of brilliance
 v - 4 potions of curing
 B - a potion of invisibility
 C - a potion of mutation
 H - 2 potions of might
 J - 3 potions of agility
Comestibles
 c - 21 rations


   Skills:
 + Level 9.3(5.2) Fighting
 + Level 12.7(8.3) Axes
 + Level 1.1(0.0) Throwing
 * Level 8.8(4.7) Armour
 + Level 4.8(1.1) Dodging
 + Level 3.0(0.0) Shields
 * Level 11.2(6.9) Invocations


You had 12 spell levels left.
You didn't know any spells.
Your spell library contained the following spells:

 Spells                   Type           Power        Failure   Level  Hunger
 Confusing Touch          Hex            #.....       90%         1    ##.....
 Shock                    Conj/Air       #...         90%         1    ##.....
 Swiftness                Chrm/Air       #.......     96%         2    ###....
 Confuse                  Hex            #.......     99%         3    ####...
 Gell's Gravitas          Tloc           #.........   99%         3    ####...
 Static Discharge         Conj/Air       #.......     99%         3    ####...
 Airstrike                Air            #.........   100%        4    #####..
 Petrify                  Tmut/Erth      #.......     100%        4    #####..
 Lightning Bolt           Conj/Air       #.........   100%        5    ######.
 Metabolic Englaciation   Hex/Ice        #.........   100%        5    ######.
 Yara's Violent Unravell  Hex/Tmut       #.........   100%        5    ######.


Dungeon Overview and Level Annotations

Branches:
Dungeon (11/15)            Temple (0/1) D:6            Lair (4/6) D:11
 Shoals (0/4) Lair:3       Spider (0/4) Lair:4          Orc (0/2) D:10

Altars:
Cheibriados
Kikubaaqudgha
Nemelex Xobeh
Okawaru
Uskayaw
Vehumet
Wu Jian
The Shining One

Shops:
D:4 !   D:6 (   D:10 (


Innate Abilities, Weirdness & Mutations

You have hooves in place of feet.
Armour fits poorly on your strangely shaped body.
You cover ground very quickly.
You have extremely tough skin. (AC +3)
You have a pair of small antennae on your head.
You are surrounded by a mild repulsion field. (EV +2)
You have a somewhat thin skeletal structure. (Dex +2, Stealth)
You are agile. (Dex +2)
Your spells are a little harder to cast, but a little more powerful.


Message History

You barely miss the sixfirhy. Your kick misses the sixfirhy.
Unknown command.
You slash the sixfirhy! You kick the sixfirhy!
The sixfirhy is heavily wounded.
You block the sixfirhy's attack.
You miss the sixfirhy. Your kick misses the sixfirhy.
The sixfirhy is heavily wounded.
The sixfirhy hits you but does no damage.
The sixfirhy hits you.
* * * LOW HITPOINT WARNING * * *
The sixfirhy shocks you!
* * * LOW HITPOINT WARNING * * *
The sixfirhy hits you.
* * * LOW HITPOINT WARNING * * *
The sixfirhy shocks you!
* * * LOW HITPOINT WARNING * * *
The sixfirhy hits you!
* * * LOW HITPOINT WARNING * * *
The sixfirhy shocks you!
You die...

### # #@#
##...3#
#.....#
#.....≈
##%...≈.
.....≈.
.#.
........#
.
.......#.
. . . #


You could see a sixfirhy.

Vanquished Creatures
  Erica (Lair:1)
  A centaur warrior (D:8)
  A two-headed ogre (D:11)
  A queen ant (Lair:2)
  Nergalle (D:11)
  Sonja (Lair:4)
  3 unseen horrors
  2 orc knights (D:10)
  2 cyclopes (D:11)
  2 ugly things (D:11)
  A black mamba (Lair:3)
  Joseph (D:8)
  4 spiny frogs
  5 komodo dragons
  11 blink frogs
  A merfolk (Lair:3)
  Grinder (D:5)
  6 hippogriffs
  4 dream sheep (Lair:4)
  4 redbacks (Lair:4)
  3 wyverns
  46 yaks
  A spriggan (D:7)
  4 basilisks
  13 soldier ants (Lair:2)
  3 water moccasins
  10 porcupines
  6 orc warriors
  11 ice beasts
  2 eyes of draining (D:11)
  5 sky beasts
  A black bear (Lair:3)
  5 ogres
  A necrophage (D:11)
  4 phantoms
  7 crocodiles
  3 wolves (IceCv)
  3 centaurs
  3 big kobolds
  A wyvern zombie (D:8)
  20 bullfrogs
  6 scorpions
  A water moccasin skeleton (D:10)
  A wyvern skeleton (D:6)
  A killer bee (D:11)
  3 howler monkeys
  An electric eel (Lair:3)
  2 bullfrog zombies
  7 crimson imps
  2 centaur skeletons
  2 centaur zombies
  4 jellies
  5 hounds
  8 orc wizards
  3 bullfrog skeletons
  5 orc priests
  3 iguanas
  Natasha (thrice) (D:3)
  41 worker ants
  2 hound skeletons
  16 gnolls
  15 adders
  A shadow imp (D:9)
  An adder skeleton (D:7)
  6 worms
  12 leopard geckos
  42 orcs
  A ball python (D:2)
  8 giant cockroaches
  7 goblins
  5 hobgoblins
  14 jackals
  13 kobolds
  3 quokkas
  9 bats
  7 frilled lizards
  A quokka zombie (D:5)
  7 rats
  A plant (Lair:3)
474 creatures vanquished.

Vanquished Creatures (collateral kills)
  2 centaurs (Lair:4)
2 creatures vanquished.

Vanquished Creatures (others)
  A hydra (Lair:3)
  An orange demon (Abyss:1)
  A goblin (D:3)
  4 fungi
  A plant (D:11)
8 creatures vanquished.

Grand Total: 484 creatures vanquished

Notes
Turn   | Place    | Note
-------+----------+-------------------------------------------
     0 | Abyss:1  | Gargoyl the Centaur Abyssal Knight began the quest for the
                  | Orb.
     0 | Abyss:1  | Reached XP level 1. HP: 19/19 MP: 2/2
    50 | Abyss:1  | Found a corrupted altar of Lugonu.
   110 | Abyss:2  | Noticed an ancient zyme
   188 | Abyss:2  | Noticed a sky beast
   188 | Abyss:2  | Noticed a large abomination
   195 | Abyss:2  | Noticed a large abomination
   197 | Abyss:2  | Noticed a thrashing horror
   205 | D:1      | Escaped the Abyss
   354 | D:1      | Reached XP level 2. HP: 17/26 MP: 3/3
   520 | D:1      | Reached * piety under Lugonu
   526 | D:1      | Reached skill level 2 in Axes
  1343 | D:2      | Reached XP level 3. HP: 22/31 MP: 4/4
  1963 | D:2      | Reached XP level 4. HP: 37/40 MP: 5/5
  2013 | D:2      | Reached skill level 1 in Dodging
  2312 | D:2      | Reached ** piety under Lugonu
  2652 | D:2      | Found an ornate altar of the Wu Jian Council.
  2806 | D:3      | Noticed a big kobold
  2838 | D:3      | Killed a big kobold
  2838 | D:3      | Reached XP level 5. HP: 29/46 MP: 3/7
  3077 | D:3      | Reached skill level 3 in Axes
  3080 | D:3      | Noticed Natasha
  3088 | D:3      | Killed Natasha
  3251 | D:3      | Noticed Natasha
  3261 | D:3      | Killed Natasha
  3414 | D:3      | Reached XP level 6. HP: 39/52 MP: 6/8
  3635 | D:3      | Found a faded altar of an unknown god.
  3979 | D:3      | Noticed Natasha
  3987 | D:3      | Killed Natasha
  4362 | D:4      | Found a sparkling altar of Nemelex Xobeh.
  4389 | D:4      | Reached *** piety under Lugonu
  4443 | D:4      | Gained mutation: You are robust. (+10% HP) [potion of
                  | mutation]
  4443 | D:4      | Gained mutation: You are weak. (Str -2) [potion of
                  | mutation]
  4443 | D:4      | Gained mutation: Your spells are a little harder to cast,
                  | but a little more powerful. [potion of mutation]
  4444 | D:4      | Lost mutation: Your spells are a little harder to cast, but
                  | a little more powerful. [potion of mutation]
  4444 | D:4      | Lost mutation: You are weak. (Str -2) [potion of mutation]
  4444 | D:4      | Gained mutation: You are surrounded by a mild repulsion
                  | field. (EV +2) [potion of mutation]
  4444 | D:4      | Gained mutation: You evolve. [potion of mutation]
  4717 | D:4      | Reached XP level 7. HP: 53/64 MP: 9/9
  4769 | D:4      | Found Voujuk Koce's Distillery.
  4777 | D:4      | Bought a potion of heal wounds for 55 gold pieces
  4777 | D:4      | Bought 2 potions of curing for 66 gold pieces
  4805 | D:4      | Found a hide-covered altar of Uskayaw.
  5324 | D:4      | Reached skill level 4 in Axes
  5724 | D:4      | Found a glowing golden altar of the Shining One.
  5775 | D:5      | Entered Level 5 of the Dungeon
  6099 | D:5      | Noticed Grinder
  6164 | D:5      | Paralysed by Grinder for 4 turns
  6331 | D:5      | Paralysed by Grinder for 7 turns
  6340 | D:5      | Killed Grinder
  6704 | D:5      | Reached XP level 8. HP: 73/73 MP: 11/11
  6870 | D:5      | Gained mutation: Potions are less effective at restoring
                  | your health. [evolution]
  7149 | D:5      | Reached skill level 5 in Axes
  7149 | D:5      | Reached skill level 5 in Invocations
  7590 | D:4      | Bought 2 potions of mutation for 176 gold pieces
  7591 | D:4      | Lost mutation: Potions are less effective at restoring your
                  | health. [potion of mutation]
  7591 | D:4      | Lost mutation: You evolve. [potion of mutation]
  7591 | D:4      | Lost mutation: You are robust. (+10% HP) [potion of
                  | mutation]
  7591 | D:4      | Gained mutation: You are occasionally teleported next to
                  | monsters. [potion of mutation]
  7591 | D:4      | Gained mutation: Your magical capacity is low. (-10% MP)
                  | [potion of mutation]
  7591 | D:4      | Gained mutation: You have a pair of small antennae on your
                  | head. [potion of mutation]
  7592 | D:4      | Lost mutation: Your magical capacity is low. (-10% MP)
                  | [potion of mutation]
  7592 | D:4      | Lost mutation: You are occasionally teleported next to
                  | monsters. [potion of mutation]
  7592 | D:4      | Gained mutation: You have a somewhat thin skeletal
                  | structure. (Dex +2, Stealth) [potion of mutation]
  7592 | D:4      | Gained mutation: Your spells are a little harder to cast,
                  | but a little more powerful. [potion of mutation]
  7592 | D:4      | Gained mutation: You are agile. (Dex +2) [potion of
                  | mutation]
  7656 | D:6      | Reached skill level 5 in Fighting
  7833 | D:6      | Found Pun Palu's Antique Weapon Emporium.
  7908 | D:6      | Reached skill level 5 in Armour
  8147 | D:6      | Found a staircase to the Ecumenical Temple.
  8157 | D:6      | Reached **** piety under Lugonu
  8567 | D:6      | Reached XP level 9. HP: 68/74 MP: 11/13
  8712 | D:7      | Reached skill level 6 in Axes
  9026 | D:7      | Found a radiant altar of Vehumet.
  9939 | D:8      | Reached skill level 7 in Axes
  9976 | D:8      | Found an iron altar of Okawaru.
  9986 | D:8      | Found a transporter.
  9988 | D:8      | Noticed a centaur warrior
  9991 | D:8      | Found a transporter.
 10142 | D:8      | Got a brightly glowing war axe
 10143 | D:8      | Identified the +3 war axe of Gargoyl's Death {drain, rN+
                  | Int+2} (You found it on level 8 of the Dungeon)
 10384 | D:8      | Found a snail-covered altar of Cheibriados.
 10424 | D:8      | Killed a centaur warrior
 10424 | D:8      | Reached XP level 10. HP: 45/83 MP: 8/15
 10732 | D:8      | Noticed Joseph
 10747 | D:8      | Killed Joseph
 10747 | D:8      | Reached skill level 8 in Axes
 11271 | D:9      | Killed an unseen horror
 11361 | D:9      | Killed an unseen horror
 11361 | D:9      | Reached skill level 1 in Shields
 11474 | D:9      | Reached skill level 9 in Axes
 11665 | D:9      | Found an ancient bone altar of Kikubaaqudgha.
 11774 | D:9      | Reached ***** piety under Lugonu
 12361 | D:10     | Entered Level 10 of the Dungeon
 12458 | D:10     | Reached XP level 11. HP: 90/91 MP: 17/17
 12666 | D:10     | Killed an unseen horror
 12777 | D:10     | Found Itahib's Weapon Shoppe.
 12779 | D:10     | Found a staircase to the Orcish Mines.
 12779 | D:10     | Noticed an orc knight
 12781 | D:10     | Noticed an orc knight
 13056 | D:10     | Killed an orc knight
 13824 | D:11     | Reached skill level 10 in Axes
 14174 | D:11     | Found a staircase to the Lair.
 14241 | D:11     | Noticed Nergalle
 14261 | D:11     | Killed Nergalle
 14720 | D:11     | Noticed a two-headed ogre
 14728 | D:11     | Killed a two-headed ogre
 14981 | D:11     | Noticed a purple ugly thing
 14998 | D:11     | Killed a purple ugly thing
 14998 | D:11     | Reached XP level 12. HP: 64/101 MP: 0/19
 15017 | D:11     | Reached skill level 11 in Axes
 15594 | D:11     | Got a shimmering scale mail
 15605 | D:11     | Identified the cursed +1 scale mail "Rinkurgh" {rN+} (You
                  | found it on level 11 of the Dungeon)
 15750 | Lair:1   | Entered Level 1 of the Lair of Beasts
 15882 | Lair:1   | Reached skill level 10 in Invocations
 16094 | Lair:1   | Noticed Erica
 16131 | Lair:1   | Killed Erica
 16315 | Lair:1   | Noticed a six-headed hydra
 16328 | Lair:1   | Banished a six-headed hydra
 16817 | Lair:1   | Reached ****** piety under Lugonu
 17188 | Lair:2   | Found a frozen archway.
 17217 | IceCv    | Entered an ice cave
 17612 | Lair:2   | Reached skill level 12 in Axes
 17778 | Lair:2   | Noticed a queen ant
 17803 | Lair:2   | Killed a queen ant
 17931 | Lair:2   | Reached XP level 13. HP: 36/111 MP: 14/21
 19905 | Lair:3   | Found a staircase to the Shoals.
 20285 | Lair:4   | Noticed Sonja
 21032 | Lair:4   | Killed Sonja
 21135 | Lair:4   | Found a hide-covered altar of Uskayaw.
 21587 | Lair:4   | Reached skill level 1 in Throwing
 21660 | Lair:4   | Found a hole to the Spider Nest.
 21774 | Abyss:1  | HP: 5/111 [sixfirhy (6)]
 21774 | Abyss:1  | Slain by a sixfirhy

Skill      XL: |  1  2  3  4  5  6  7  8  9 10 11 12 13 |
---------------+----------------------------------------+-----
Axes           | 2 3 4 5 7 9 10 12 | 12.7
Armour         | 2 3 4 5 6 7 8 |  8.8
Dodging        | 1 2 3 4 |  4.8
Invocations    | 3 4 5 7 8 9 10 11 | 11.2
Fighting       | 4 5 6 7 9 |  9.3
Shields        | 1 2 3 |  3.0
Throwing       | 1 |  1.1

Action                   |  1- 3 |  4- 6 |  7- 9 | 10-12 | 13-15 || total
-------------------------+-------+-------+-------+-------+-------++-------
Melee: Hand axe          |   113 |   176 |   471 |       |       ||   760
       Kick              |    13 |    36 |   132 |   210 |    93 ||   484
       Unarmed           |       |     7 |     3 |       |       ||    10
       War axe           |       |       |    26 |   672 |   287 ||   985
Throw: Tomahawk          |       |       |       |     2 |     9 ||    11
       Javelin           |       |       |       |       |     8 ||     8
Invok: Depart the Abyss  |     1 |       |       |       |       ||     1
       Banish            |       |       |       |     1 |     5 ||     6
       Bend Space        |       |       |       |       |     1 ||     1
       Enter the Abyss   |       |       |       |       |     1 ||     1
Evoke: Sack of spiders   |       |       |       |       |     1 ||     1
  Use: Scroll            |     2 |     6 |    13 |     4 |     2 ||    27
       Potion            |       |     3 |     2 |     2 |     8 ||    15
  Eat: Chunk             |     2 |     8 |    12 |    18 |     4 ||    44
       Ration            |       |       |     1 |     1 |     3 ||     5
Armor: Leather armour    |    62 |    45 |       |       |       ||   107
       Ring mail         |       |    50 |   281 |   234 |       ||   565
       Scale mail        |       |       |       |   161 |   270 ||   431
Dodge: Dodged            |    75 |    93 |   209 |   287 |   150 ||   814
Block: Buckler           |       |       |    17 |   151 |    85 ||   253
